AoeStats
← The Crusader

Nomad

506413442Analyzed
4v4 RM · 19d ago on Sep 13, 2026· 37m 54s· 8 players
Game mode
Random Map
Map size
231×231
Population
200
Speed
Normal
Resources
Standard
Victory
Conquest
Starting age
Dark Age
Ending age
Imperial Age
RankedLock teamsTeams togetherTeam positionsShared explorationLock speedFull tech treeHidden civsTurbo modeCheats
Victory
Defeat
🇺🇸 Cumans · United States
1505
+14
🇺🇸 Spanish · United States
1505
+14
🇦🇷 Ethiopians · Argentina
1500
+14
🇦🇿 Huns · Azerbaijan
1436
+17
🇨🇳 Turks · China
1473
-15
🇫🇷 Malians · France
1469
-15
🇵🇪 Khmer · Peru
1460
-15
🇩🇪 Jurchens · Germany
1442
-14
antorse31
4:47 Loom
13:43 Feudal Age
14:43 Fishing Lines
15:17 Double-Bit Axe
17:43 Castle Age
17:18 Scale Barding Armor
17:24 Forging
17:12 Gold Mining
18:44 Bow Saw
18:31 Gillnets
20:53 Horse Collar
21:55 Town Watch
23:33 Bloodlines
24:32 Wheelbarrow
24:04 Heavy Plow
25:01 Husbandry
26:07 Iron Casting
26:20 Hand Cart
27:22 Chain Barding Armor
27:32 Fletching
37:38 Imperial Age
35:43 Tigui
35:40 Bodkin Arrow
36:56 Ballistics
36:46 Masonry
CTM | KLIN
5:34 Loom
13:48 Feudal Age
17:04 Castle Age
15:24 Double-Bit Axe
18:39 Bow Saw
18:29 Pikeman
31:20 Wheelbarrow
40:32 Imperial Age
vladtepes
6:59 Loom
12:57 Feudal Age
14:49 Loom
17:08 Castle Age
17:59 Double-Bit Axe
23:25 Gambesons
23:44 Scale Mail Armor
26:14 Bow Saw
26:59 Horse Collar
30:08 Fletching
苏东坡的粉丝
4:10 Loom
14:09 Feudal Age
20:16 Castle Age
18:24 Double-Bit Axe
19:10 Fletching
21:44 Bodkin Arrow
36:34 Padded Archer Armor
The Crusader
4:53 Loom
13:44 Feudal Age
18:37 Castle Age
16:45 Double-Bit Axe
18:20 Gold Mining
18:33 Padded Archer Armor
19:53 Bow Saw
19:42 Horse Collar
22:37 Husbandry
27:06 Heavy Plow
30:52 Bloodlines
32:01 Wheelbarrow
37:09 Imperial Age
34:55 Hand Cart
35:20 Stone Mining
36:18 Leather Archer Armor
38:26 Ring Archer Armor
37:20 Elite Conquistador
38:21 Conscription
thegoodjunk
5:18 Loom
11:47 Feudal Age
13:13 Double-Bit Axe
14:16 Horse Collar
21:51 Castle Age
20:56 Scale Barding Armor
21:01 Gold Mining
21:47 Forging
22:21 Bloodlines
26:09 Wheelbarrow
30:43 Chain Barding Armor
32:28 Scale Mail Armor
31:52 Pikeman
34:15 Gold Shaft Mining
38:19 Imperial Age
37:10 Iron Casting
37:06 Light Cavalry
Didi
3:23 Loom
13:24 Feudal Age
14:54 Fletching
18:50 Castle Age
17:02 Double-Bit Axe
17:10 Gold Mining
20:50 Bodkin Arrow
32:03 Wheelbarrow
32:20 Fishing Lines
34:09 Bow Saw
34:38 Medium Warships
我放了个屁她顺风追了
5:17 Loom
14:01 Feudal Age
18:09 Castle Age
16:32 Scale Barding Armor
17:54 Forging
17:46 Town Watch
17:54 Double-Bit Axe
19:54 Town Watch
24:09 Fletching
29:59 Fishing Lines
33:11 Horse Collar
36:15 Imperial Age
34:41 Bow Saw
35:15 Wheelbarrow
35:05 Gillnets
35:48 Chain Barding Armor
35:52 Bloodlines
36:16 Gold Mining
36:52 Husbandry
37:31 Iron Casting
37:54 Conscription
38:31 Heavy Plow
Connection lost

Rejoining the realm…

Still unreachable

The connection could not be restored.

Session expired

The server has moved on; the page needs a fresh start.